 Dungeon Crawl Stone Soup version 0.21-a0-531-gacddea6 (webtiles) character file.

243 slep the Chopper (level 6, -5/32 HPs)
             Began as a Vine Stalker Gladiator on Dec 13, 2017.
             Shot with an arrow by a centaur (9 damage)
             ... on level 5 of the Dungeon.
             The game lasted 00:08:35 (2535 turns).

slep the Chopper (Vine Stalker Gladiator)           Turns: 2535, Time: 00:08:36

Health: -5/32      AC:  5    Str: 24    XL:     6   Next: 9%
Magic:  0/7        EV: 17    Int:  8    God:
Gold:   196        SH:  0    Dex: 17    Spells: 5/5 levels left

rFire    x . .     SeeInvis .   a - +0 war axe
rCold    . . .     Gourm    .   (no shield)
rNeg     + . .     Faith    .   B - +1 robe of the Forest {rF- rN+ Str+7} (curse)
rPois    .         Spirit   +   c - +0 helmet
rElec    .         Reflect  .   e - scarf {Spirit}
rCorr    .         Harm     .   s - +0 pair of gloves
MR       .....                  (no boots)
Stlth    ++........             u - amulet of inaccuracy (curse)
HPRegen  0.50/turn              y - +4 ring of evasion
MPRegen  0.10/turn              (no ring)

@: no status effects
A: fangs 2, regeneration 1, magic shield, antimagic bite, no potion heal 3, rot
immunity
a: no special abilities


You were on level 5 of the Dungeon.
You were very hungry.

You visited 1 branch of the dungeon, and saw 5 of its levels.

You collected 196 gold pieces.

Inventory:

Hand Weapons
 a - a +0 war axe (weapon)
Missiles
 d - 3 throwing nets (quivered)
Armour
 b - a +0 leather armour
 c - a +0 helmet (worn)
 e - a scarf of spirit shield (worn)
 s - a +0 pair of gloves (worn)
 B - the cursed +1 robe of the Forest (worn) {rF- rN+ Str+7}
   (You found it on level 4 of the Dungeon)

   It affects your strength (+7).
   It makes you vulnerable to fire.
   It protects you from negative energy.
   It has a curse placed upon it.
Jewellery
 t - an uncursed ring of fire
 u - a cursed amulet of inaccuracy (around neck)
 y - a +4 ring of evasion (left hand)
Scrolls
 g - 5 scrolls of identify {unknown}
 i - a scroll of teleportation {unknown}
 l - a scroll of blinking {unknown}
 n - 3 scrolls of fog {unknown}
 r - 3 scrolls of remove curse {unknown}
 x - a scroll of fear {unknown}
 D - a scroll of random uselessness {unknown}
Potions
 j - 2 potions of brilliance {unknown}
 m - a potion of flight {unknown}
 o - a potion of degeneration {unknown}
 p - a potion of curing {unknown}
 q - 2 potions of mutation {unknown}
 v - a potion of magic {unknown}
 w - a potion of haste {unknown}
 A - a potion of resistance {unknown}
 C - a potion of might {unknown}
Comestibles
 f - 3 bread rations
 h - 2 royal jellies
 k - 4 fruits
 z - 2 meat rations


   Skills:
 + Level 2.4 Fighting
 + Level 4.8 Axes
 + Level 1.8 Throwing
 + Level 1.5 Armour
 + Level 3.0 Dodging
 + Level 1.1 Stealth


You had 5 spell levels left.
You didn't know any spells.

Dungeon Overview and Level Annotations

Branches:
Dungeon (5/15)
 Temple: D:4-7

Altars:
Elyvilon
Fedhas
Kikubaaqudgha
Uskayaw
Xom

Shops:
D:4 (


Innate Abilities, Weirdness & Mutations

You have extremely sharp teeth.
Your natural rate of healing is unusually fast.
When hurt, damage is shared between your health and your magic reserves.
Your bite disrupts and absorbs the magic of your enemies.
Potions cannot restore your health.
You are immune to rotting.


Message History

There is a stone staircase leading up here.
Found a blossoming altar of Fedhas.
Found an escape hatch in the floor.
Found a stone staircase leading up.
C - a fizzy coppery potion
D - a scroll labeled KIURGH YTIT You now have 196 gold pieces (gained 15).
A centaur comes into view.
The centaur shouts!
The centaur wields a shortbow.
The centaur shoots an arrow.
The arrow misses you.
You see here an arrow.
The centaur shoots an arrow.
The arrow completely misses you.
The centaur shoots an arrow.
The arrow hits you!
The centaur shoots an arrow.
The arrow hits you!
You see here 2 arrows.
The centaur shoots an arrow.
The arrow hits you!
* * * LOW HITPOINT WARNING * * *
You see here an arrow.
The centaur shoots an arrow.
The arrow hits you!
You die...

...#
##............#
...#
##......>...##
...#
##........##
...# ##.......#
...# ##...((.#
##....## #
##..(.#.#
##.(...#
#.@#### ##.#
#.# #.c ##. ..
#. .#


You could see a centaur.

Vanquished Creatures
  An ogre (D:4)
  A bullfrog skeleton (D:4)
  An iguana (D:4)
  A gnoll (D:1)
  4 adders (D:3)
  2 worms (D:3)
  2 dart slugs
  2 leopard geckos (D:1)
  8 bats
  6 goblins
  6 hobgoblins
  2 jackals (D:1)
  3 kobolds (D:1)
  2 quokkas (D:4)
  3 frilled lizards
  7 rats
51 creatures vanquished.

Notes
Turn   | Place    | Note
-------+----------+-------------------------------------------
     0 | D:1      | slep the Vine Stalker Gladiator began the quest for the Orb.
     0 | D:1      | Reached XP level 1. HP: 11/11 MP: 2/2
   166 | D:1      | Reached XP level 2. HP: 2/15 MP: 1/3
   185 | D:1      | Reached skill level 3 in Axes
   464 | D:1      | Reached XP level 3. HP: 13/18 MP: 2/4
   860 | D:2      | Found a hide-covered altar of Uskayaw.
   869 | D:2      | Found a white marble altar of Elyvilon.
  1029 | D:2      | Found an ancient bone altar of Kikubaaqudgha.
  1408 | D:3      | Gained mutation: Your natural rate of healing is unusually fast. [Vine Stalker growth]
  1408 | D:3      | Reached XP level 4. HP: 5/23 MP: 2/5
  1451 | D:3      | Found a shimmering altar of Xom.
  1486 | D:3      | Found a shimmering altar of Xom.
  1496 | D:3      | Found a shimmering altar of Xom.
  1496 | D:3      | Found a shimmering altar of Xom.
  1496 | D:3      | Found a shimmering altar of Xom.
  1500 | D:3      | Found a shimmering altar of Xom.
  1500 | D:3      | Found a shimmering altar of Xom.
  1821 | D:4      | Reached skill level 4 in Axes
  1821 | D:4      | Reached skill level 1 in Armour
  1821 | D:4      | Reached XP level 5. HP: 26/26 MP: 6/6
  1902 | D:4      | Noticed an ogre
  1910 | D:4      | Killed an ogre
  1910 | D:4      | Reached skill level 1 in Stealth
  2019 | D:4      | Reached XP level 6. HP: 21/32 MP: 7/7
  2049 | D:4      | Found Siuphyaz's Antique Weapon Emporium.
  2450 | D:4      | Got a slimy robe
  2461 | D:4      | Identified the cursed +1 robe of the Forest {rF- rN+ Str+7} (You found it on level 4 of the Dungeon)
  2484 | D:5      | Entered Level 5 of the Dungeon
  2500 | D:5      | Found a blossoming altar of Fedhas.
  2535 | D:5      | Shot with an arrow by a centaur

Vault maps used:
D:1:      sevenhm_arrival_forest_fort_large_2
D:2:      old_standard_altar, minitemple, minmay_liquid_box
D:3:      first_bread, nicolae_xom_altar_mimics
D:4:      serial_shops, shop
D:5:      overflow_temple_1_default, basic_altar, hangedman_decor_lopped,
          minmay_item_behind_shaft, kennysheep_generic_room_13

Skill      XL: |  1  2  3  4  5 |
---------------+----------------+-----
Axes           | 3 4 |  4.8
Fighting       | 2 |  2.4
Armour         | 1 |  1.5
Dodging        | 3 |  3.0
Stealth        | 1 |  1.1
Throwing       | |  1.8

Action                   |  1- 3 |  4- 6 || total
-------------------------+-------+-------++-------
Melee: War axe           |    85 |    63 ||   148
       Bite              |    25 |    19 ||    44
 Stab: Sleeping          |     3 |     1 ||     4
  Eat: Chunk             |     2 |     2 ||     4
Armor: Leather armour    |    24 |    19 ||    43
Dodge: Dodged            |    69 |    60 ||   129

Table legend:
 A = Spawn XP
 B = Non-spawn XP
 C = Spawn XP percentage of total XP
 D = Spawn monster count
 E = Non-spawn monster count
 F = Spawn count percentage of total count
 G = Total turns spent on level
                    A         B        C        D         E        F      G
               +---------+---------+-------+---------+---------+-------+---------
         Total |       0 |     348 |   0.0 |       0 |      51 |   0.0 |  2535
               +---------+---------+-------+---------+---------+-------+---------
           D:1 |       0 |      58 |   0.0 |       0 |      25 |   0.0 |   831
           D:2 |       0 |       5 |   0.0 |       0 |       4 |   0.0 |   525
           D:3 |       0 |      78 |   0.0 |       0 |      15 |   0.0 |   454
           D:4 |       0 |     207 |   0.0 |       0 |       7 |   0.0 |   674
               +---------+---------+-------+---------+---------+-------+---------
